 Dungeon Crawl Stone Soup version 0.22.1-5-g62c59d919a (webtiles) character file.

247 Flure the Twirler (level 6, 0/36 HPs)
             Began as a Tengu Gladiator on Jan 11, 2019.
             Slain by Ijyb
             ... wielding a +0 dagger
              (1 damage)
             ... on level 3 of the Dungeon.
             The game lasted 00:04:07 (2136 turns).

Flure the Twirler (Tengu Gladiator)                 Turns: 2136, Time: 00:04:07

Health: 0/36       AC:  3    Str: 12 (14) XL:     6   Next: 11%
Magic:  7/7        EV: 14    Int:  7 (8)  God:
Gold:   226        SH:  0    Dex: 15 (18) Spells: 5/5 levels left

rFire    . . .     SeeInvis .   a - +0 quarterstaff
rCold    . . .     Gourm    .   (shield currently unavailable)
rNeg     . . .     Faith    .   b - +0 leather armour
rPois    .         Spirit   .   c - +0 hat
rElec    .         Reflect  .   (no cloak)
rCorr    .         Harm     .   (no gloves)
MR       .....                  (boots unavailable)
Stlth    ++........             (no amulet)
HPRegen  0.12/turn              (no ring)
MPRegen  0.10/turn              (no ring)

@: no status effects
A: beak, talons 3, able to fly 1
a: Fly


You were on level 3 of the Dungeon.
You were not hungry.

You visited 1 branch of the dungeon, and saw 3 of its levels.

You collected 226 gold pieces.

Inventory:

Hand Weapons
 a - a +0 quarterstaff (weapon)
Missiles
 d - 2 throwing nets
 e - 2 needles of confusion
 m - 36 poisoned needles
 o - 58 stones (quivered)
 q - 27 arrows
Armour
 b - a +0 leather armour (worn)
 c - a +0 hat (worn)
 s - a +0 pair of gloves
Wands
 r - a wand of polymorph (9)
Scrolls
 h - 2 scrolls of teleportation {unknown}
 k - 3 scrolls of identify {unknown}
 l - a scroll of immolation {unknown}
 n - 2 scrolls of amnesia {unknown}
 p - 3 scrolls of remove curse {unknown}
 u - 2 scrolls of magic mapping {unknown}
Potions
 g - a potion of brilliance {unknown}
 i - 2 potions of flight {unknown}
 j - a potion of curing {unknown}
 t - 2 potions of degeneration
 v - a potion of heal wounds {unknown}
 w - a potion of cancellation {unknown}
 x - a potion of magic {unknown}
Comestibles
 f - 3 rations


   Skills:
 + Level 2.9 Fighting
 + Level 5.3 Staves
 + Level 2.4 Throwing
 - Level 1.0 Armour
 + Level 4.7 Dodging
 - Level 1.0 Stealth


You had 5 spell levels left.
You didn't know any spells.
Your spell library was empty.

Dungeon Overview and Level Annotations

Branches:
Dungeon (3/15)

Altars:

Annotations:
D:3 Ijyb


Innate Abilities, Weirdness & Mutations

You have a beak for a mouth.
You have claws for feet.
You can fly.


Message History

Ijyb zaps a wand.
You are blasted!
It is a wand of disintegration (21).
You barely miss Ijyb.
Ijyb is moderately wounded.
Ijyb closely misses you.
You hit Ijyb.
Ijyb is heavily wounded.
Ijyb hits you with a dagger.
You hit Ijyb but do no damage. You claw Ijyb, but do no damage.
Ijyb is heavily wounded.
Ijyb hits you but does no damage.
You hit Ijyb. You peck Ijyb, but do no damage.
Ijyb is severely wounded.
Ijyb zaps a wand.
You are blasted!
Ouch! That really hurt!
* * * LOW HITPOINT WARNING * * *
It was a potion of degeneration.
There was something very wrong with that liquid.
You feel weakened.
You feel dopey.
You feel clumsy. Ijyb hits you with a dagger.
You die...

#.....#
####.###
..##.#
#.##.#
#.##.#
#.##.#
#.##.#
#g##.#
#####@##.#
#...).##.#
#.######.#
#.# #.#
#.# #.#
#.######.#
#........#
###.####.#
#.# #.#


You could see Ijyb.

Vanquished Creatures
  A phantom (D:3)
  Jessica (D:3)
  A howler monkey skeleton (D:3)
  5 adders
  An ooze (D:3)
  A worm (D:3)
  2 dart slugs
  4 leopard geckos
  3 giant cockroaches
  8 goblins
  13 hobgoblins
  5 jackals
  6 bats
  3 frilled lizards
  6 kobolds
  2 rats (D:1)
62 creatures vanquished.

Notes
Turn   | Place    | Note
-------+----------+-------------------------------------------
     0 | D:1      | Flure the Tengu Gladiator began the quest for the Orb.
     0 | D:1      | Reached XP level 1. HP: 12/12 MP: 2/2
   116 | D:1      | Reached XP level 2. HP: 15/17 MP: 3/3
   608 | D:2      | Reached skill level 4 in Staves
   608 | D:2      | Reached XP level 3. HP: 21/21 MP: 4/4
   629 | D:2      | Reached skill level 1 in Armour
   911 | D:2      | Reached XP level 4. HP: 26/27 MP: 5/5
  1372 | D:3      | Reached skill level 1 in Stealth
  1644 | D:3      | Gained mutation: You can fly. [Tengu growth]
  1644 | D:3      | Reached XP level 5. HP: 22/31 MP: 6/6
  1726 | D:3      | Noticed a phantom
  1747 | D:3      | Killed a phantom
  1747 | D:3      | Reached skill level 5 in Staves
  1823 | D:3      | Noticed Jessica
  1831 | D:3      | Killed Jessica
  1831 | D:3      | Reached XP level 6. HP: 15/36 MP: 7/7
  2125 | D:3      | Noticed Ijyb
  2135 | D:3      | HP: 1/36 [disintegration (20)]
  2136 | D:3      | Slain by Ijyb

Skill      XL: |  1  2  3  4  5 |
---------------+----------------+-----
Staves         | 4 5 |  5.3
Armour         | 1 |  1.0
Dodging        | 4 |  4.7
Stealth        | 1 |  1.0
Fighting       | |  2.9
Throwing       | |  2.4

Action                   |  1- 3 |  4- 6 || total
-------------------------+-------+-------++-------
Melee: Quarterstaff      |    56 |    77 ||   133
       Kick              |    11 |    26 ||    37
       Peck              |     3 |    13 ||    16
Throw: Stone             |     5 |    29 ||    34
       Throwing net      |     1 |       ||     1
  Use: Potion            |       |     1 ||     1
  Eat: Chunk             |       |     4 ||     4
Armor: Leather armour    |    17 |    11 ||    28
Dodge: Dodged            |    52 |    41 ||    93
